 Dungeon Crawl Stone Soup version 0.30.1-11-g7821555f0a (console) character file.

Game seed: 17144560568267595679

818 JoeltCo the Tainter (level 7, -5/55 HPs)
             Began as a Naga Venom Mage on Jan 10, 2024.
             Killed from afar by a white imp (9 damage)
             ... with a puff of frost
             ... on level 5 of the Dungeon.
             The game lasted 00:08:14 (5243 turns).

JoeltCo the Tainter (Naga Venom Mage)               Turns: 5243, Time: 00:08:15

Health: -5/55      AC:  4    Str: 10    XL:     7   Next: 94%
Magic:  7/15       EV: 15    Int: 23    God:
Gold:   248        SH:  5    Dex: 12    Spells: 7/17 levels left

rFire   . . .        k - +0 whip (venom)
rCold   . . .        (no shield)
rNeg    . . .        a - +1 robe
rPois   +            (no helmet)
rElec   .            (no cloak)
rCorr   .            (no gloves)
SInv    +            (no barding)
Will    .....        g - amulet of reflection
Stlth   ++           h - +5 ring of evasion
HPRegen 0.29/turn    q - +6 ring of intelligence
MPRegen 0.14/turn

%: reflection
@: very slow
A: AC +2, large, see invisible, deformed body, poison resistance, slowness 2,
spit poison 1, naga tail 1
a: Spit Poison


You were on level 5 of the Dungeon.
You visited 1 branch of the dungeon, and saw 5 of its levels.

You collected 248 gold pieces.

Inventory:

Hand Weapons
 k - a +0 whip of venom (weapon)
Missiles
 v - a throwing net
Armour
 a - a +1 robe (worn)
Jewellery
 g - an amulet of reflection (around neck)
 h - a +5 ring of evasion (left hand)
 l - a ring of protection from fire
 q - a +6 ring of intelligence (right hand)
 s - a ring of ice
Wands
 d - a wand of roots (12)
Scrolls
 b - 4 scrolls of teleportation
 m - a scroll of fear
 r - a scroll of enchant armour
 u - a scroll of fog
 w - a scroll of immolation
Potions
 c - 2 potions of brilliance
 e - 4 potions of curing
 f - 3 potions of lignification {unknown}
 i - 2 potions of flight {unknown}
 j - 2 potions of heal wounds {unknown}
 n - 2 potions of attraction {unknown}
 o - a potion of magic
 p - a potion of cancellation {unknown}
 t - a potion of mutation {unknown}


   Skills:
 - Level 1.5 Dodging
 - Level 3.0 Stealth
 + Level 5.9 Spellcasting
 - Level 1.0 Transmutations
 + Level 8.9 Poison Magic


You had 7 spell levels left.
You knew the following spells:

 Your Spells              Type           Power      Damage    Failure   Level
a - Sting                 Tmut/Pois      100%       1d8       1%          1
b - Poisonous Vapours     Pois/Air       54%        N/A       1%          2
c - Mephitic Cloud        Conj/Pois/Air  20%        N/A       8%          3
d - Olgreb's Toxic Radia  Pois           48%        N/A       2%          4

Your spell library contained the following spells:

 Spells                   Type           Power      Damage    Failure   Level
 Necrotise                Necr           24%        1d5       9%          1
 Wereblood                Tmut           11%        N/A       9%          2
 Sublimation of Blood     Necr           6%         N/A       13%         2
 Ozocubu's Armour         Ice            6%         N/A       26%         3
 Vampiric Draining        Necr           6%         2d6       26%         3
 Agony                    Necr           6%         N/A       94%         5
 Freezing Cloud           Conj/Ice/Air   3%         6-21      94%         5
 Ozocubu's Refrigeration  Ice            3%         4d8       100%        7
 Summon Hydra             Summ           3%         N/A       100%        7


Dungeon Overview and Level Annotations

Branches:
Dungeon (5/15)
 Temple: D:4-7

Altars:
Ashenzari
Elyvilon
Fedhas
Wu Jian


Innate Abilities, Weirdness & Mutations

Your serpentine skin is tough. (AC +2)
You have supernaturally acute eyesight. (SInv)
Armour fits poorly on your strangely shaped body.
Your system is resistant to poisons. (rPois)
You cover ground very slowly.
You can spit poison.
You have a snake-like lower body.


Message History

The ice beast is severely wounded.
Your toxic aura wanes.
The ice beast closely misses you.
You hit the ice beast but do no damage.
The ice beast is severely wounded.
The ice beast hits you but does no damage.
You hit the ice beast but do no damage.
The ice beast is severely wounded.
The ice beast hits you. The ice beast freezes you.
You hit the ice beast but do no damage.
The ice beast looks even sicker.
The ice beast is almost dead.
The ice beast closely misses you.
A white imp comes into view.
You hit the ice beast.
The ice beast looks as sick as possible!
The ice beast is almost dead.
You kill the ice beast!
The white imp gestures at you. The puff of frost hits you.
Casting: Olgreb's Toxic Radiance (dangerous; 2% risk of failure)
Confirm with . or Enter, or press ? or * to list all spells.
You begin to radiate toxic energy.
The white imp gestures at you. The puff of frost hits you!
* * * LOW HITPOINT WARNING * * *
Your toxic aura wanes.
The white imp gestures at you. The puff of frost hits you!
* * * LOW HITPOINT WARNING * * *
There's nothing to close nearby.
Aiming: Fastroot
Press: ? - help, Shift-Dir - straight line, f - white imp
Aim: a white imp The roots erupt in riotous growth!
Roots grab the white imp.
The grasping roots constrict the white imp, but do no damage.
You hear a shout!
The white imp gestures at you. The puff of frost hits you!
You die...

.. ###. ... . ##..####
..#......# .......5.# .#
..# #......# ยง#....
#.....# #.#.... #......#.#
....#.. ######.#.#####
....... ..#@....# ##....#
########.###...#
#........# .. #.....#
#........# #. #####.#
#........+ #. #.#
#........## #.########.#
..........#####.......##.#
.....(....##.............#
..........###.##......####
..........# #.##..........
....###<..# #..........###


You could see a white imp (rooted).

Vanquished Creatures
  Edmund (D:4)
  A black bear (D:5)
  An ice beast (D:5)
  4 hounds (D:5)
  2 gnoll boudas (D:5)
  An orc priest (D:3)
  A sleepcap (D:5)
  Ijyb (D:4)
  An iguana (D:5)
  10 gnolls
  4 adders
  An ufetubus (D:4)
  2 worms
  A dart slug (D:1)
  3 orcs
  9 bats
  7 endoplasms
  6 giant cockroaches
  5 hobgoblins
  2 jackals (D:2)
  6 quokkas
  6 ball pythons
  5 frilled lizards
  8 goblins
  4 kobolds
  8 rats
100 creatures vanquished.

Notes
Turn   | Place    | Note
-------+----------+-------------------------------------------
     0 | D:1      | JoeltCo the Naga Venom Mage began the quest for the Orb.
     0 | D:1      | Reached XP level 1. HP: 15/15 MP: 3/3
   219 | D:1      | Reached XP level 2. HP: 4/22 MP: 0/5
   502 | D:1      | Found a faded altar of an unknown god.
   602 | D:1      | Reached XP level 3. HP: 24/28 MP: 0/6
  1221 | D:1      | Reached skill level 5 in Poison Magic
  1461 | D:1      | Learned a level 3 spell: Mephitic Cloud
  1872 | D:2      | Reached XP level 4. HP: 34/36 MP: 5/8
  3088 | D:3      | Reached XP level 5. HP: 38/42 MP: 7/10
  3099 | D:3      | Reached skill level 6 in Poison Magic
  3195 | D:3      | Found a broken altar of Ashenzari.
  3199 | D:3      | Saw a vision of the Shoals and the Spider Nest.
  3199 | D:3      | Noticed a culicivora
  3199 | D:3      | Noticed a jumping spider
  3199 | D:3      | Noticed a redback
  3199 | D:3      | Noticed a sun moth
  3199 | D:3      | Noticed a harpy
  3199 | D:3      | Noticed a culicivora
  3199 | D:3      | Noticed a broodmother
  3199 | D:3      | Noticed a redback
  3199 | D:3      | Noticed a water nymph
  3199 | D:3      | Noticed a torpor snail
  3200 | D:3      | Noticed an entropy weaver
  3200 | D:3      | Noticed a demonic crawler
  3200 | D:3      | Noticed a radroach
  3201 | D:3      | Noticed a water elemental
  3201 | D:3      | Noticed a merfolk siren
  3201 | D:3      | Noticed a redback
  3201 | D:3      | Noticed a jumping spider
  3201 | D:3      | Noticed a jumping spider
  3202 | D:3      | Noticed a manticore
  3423 | D:4      | Found a white marble altar of Elyvilon.
  3434 | D:4      | Learned a level 2 spell: Poisonous Vapours
  3438 | D:4      | Learned a level 3 spell: Mephitic Cloud
  3443 | D:4      | Learned a level 4 spell: Olgreb's Toxic Radiance
  3507 | D:4      | Noticed Ijyb
  3513 | D:4      | Noticed Edmund
  3515 | D:4      | Killed Ijyb
  3526 | D:4      | Killed Edmund
  3527 | D:4      | Reached skill level 7 in Poison Magic
  3527 | D:4      | Reached XP level 6. HP: 16/49 MP: 1/12
  4362 | D:5      | Entered Level 5 of the Dungeon
  4395 | D:5      | Noticed a black bear
  4452 | D:5      | Killed a black bear
  4453 | D:5      | Reached skill level 5 in Spellcasting
  4453 | D:5      | Reached XP level 7. HP: 53/55 MP: 0/14
  4551 | D:5      | Found a blossoming altar of Fedhas.
  4691 | D:5      | Reached skill level 8 in Poison Magic
  5094 | D:5      | Found an ornate altar of the Wu Jian Council.
  5243 | D:5      | Killed from afar by a white imp

Illustrated notes

Levels and vault maps discovered:
D:1:      lemuel_arrival_tunnels, layout_loops_ring,
          shapermc_ecumenical_altar_acropolis, minmay_misc_feat_room,
          minmay_misc_feat_five
D:2:      layout_basic, cheibrodos_gnoll_hut
D:3:      layout_loops_ring, grunt_ashenzari_visionary
          [grunt_ashenzari_visionary_shoals, grunt_ashenzari_visionary_spider]
D:4:      layout_gridville, lemuel_crystal_altar, serial_co_window_serial,
          co_window_corner_a, co_window_paths_a, co_window_paths_a,
          co_window_cross_1, co_window_paths_b, co_window_broadway_a,
          co_window_2corner, co_window_2corner, co_window_paths_e,
          glass_columns_a, glass_columns_a, glass_columns_c, glass_columns_a,
          uniq_ijyb, uniq_edmund
D:5:      layout_basic, nzn_hepliaklqana_mist_gate, fedhas_ov_isle_minmay,
          kennysheep_mini_moat

Skill      XL: |  1  2  3  4  5  6  7 |
---------------+----------------------+-----
Poison Magic   | 5 7 8 |  8.9
Spellcasting   | 3 4 5 |  5.9
Dodging        | |  1.5
Stealth        | |  3.0
Transmutations | |  1.0

Action                     |  1- 3 |  4- 6 |  7- 9 || total
---------------------------+-------+-------+-------++-------
  Melee: Unarmed           |    16 |     2 |       ||    18
         Whip              |       |    21 |    32 ||    53
         Punch             |       |     2 |       ||     2
   Cast: Sting             |    90 |    91 |     4 ||   185
         Poisonous Vapours |       |     2 |     1 ||     3
         Mephitic Cloud    |       |     2 |       ||     2
         Olgreb's Toxic Ra |       |     2 |     6 ||     8
Ability: Spit Poison       |     4 |     1 |       ||     5
  Evoke: Wand              |       |       |     2 ||     2
    Use: Scroll            |     7 |     5 |     2 ||    14
         Potion            |     1 |     1 |       ||     2
   Stab: Sleeping          |     2 |     1 |       ||     3
 Armour: Robe              |    25 |    15 |     7 ||    47
  Dodge: Dodged            |    40 |    54 |    24 ||   118
  Block: Other             |    15 |    18 |     8 ||    41
